[Event "Marshall CC FIDE Premier August 2024"]
[Site "New York"]
[Date "2024.08.03"]
[Round "1.1"]
[White "Bortnyk, Mykola"]
[Black "Gutnik, Aleksandr"]
[Result "1-0"]
[ECO "C10"]
[WhiteElo "2432"]
[BlackElo "2001"]
[Annotator "RC"]
[PlyCount "49"]
[EventDate "2024.08.02"]
[EventType "swiss"]
[EventCountry "USA"]
[SourceTitle "playchess.com"]
[Source "ChessBase"]
[SourceQuality "1"]
[TimeControl "5400+30"]

1. e4 e6 2. d4 d5 3. Nd2 dxe4 4. Nxe4 Nf6 5. Nxf6+ gxf6 6. Nf3 Nc6 7. Bb5 Qd6 8. O-O Bd7 9. c4 Ne7 10. a4 a6 11. Bxd7+ Qxd7 12. b4 Bg7 13. Bf4 O-O 14. Qe2 Rfd8 15. Rfd1 c6 16. h4 b5 17. h5 bxc4 18. h6 Bf8 19. Nd2 Nd5 20. Ne4 Kh8 21. Nxf6 Nxf6 22. Be5 Bxh6 23. Bxf6+ Bg7 24. Bxd8 Rxd8 25. Qxc4 1-0

[Event "Marshall CC FIDE Premier August 2024"]
[Site "New York"]
[Date "2024.08.03"]
[Round "1.2"]
[White "Zagar, Dane"]
[Black "Nakada, Akira"]
[Result "0-1"]
[ECO "E14"]
[WhiteElo "1959"]
[BlackElo "2417"]
[Annotator "ChessBase"]
[PlyCount "36"]
[EventDate "2024.08.02"]
[EventType "swiss"]
[EventCountry "USA"]
[SourceTitle "playchess.com"]
[Source "ChessBase"]
[SourceQuality "1"]
[TimeControl "5400+30"]

1. d4 Nf6 2. Nf3 d5 3. e3 e6 4. Bd3 Bd6 5. b3 b6 6. Bb2 Bb7 7. c4 O-O 8. O-O Nbd7 9. Ne5 c5 10. Nxd7 Nxd7 11. Qc2 dxc4 12. bxc4 Qh4 13. g3 Qh5 14. Nd2 Nf6 15. dxc5 Ng4 16. h4 Qxh4 17. Bxh7+ Kh8 18. gxh4 Bh2# 0-1

[Event "Marshall CC FIDE Premier August 2024"]
[Site "New York"]
[Date "2024.08.03"]
[Round "1.3"]
[White "Lin, Bryan Enming"]
[Black "Gaw, Chloe"]
[Result "1-0"]
[ECO "B56"]
[WhiteElo "2155"]
[BlackElo "1981"]
[Annotator "ChessBase"]
[PlyCount "115"]
[EventDate "2024.08.02"]
[EventType "swiss"]
[EventCountry "USA"]
[SourceTitle "playchess.com"]
[Source "ChessBase"]
[SourceQuality "1"]
[TimeControl "5400+30"]

1. e4 c5 2. Nf3 d6 3. d4 cxd4 4. Nxd4 Nf6 5. Nc3 Nc6 6. f3 e5 7. Nb3 Be7 8. Be3 Be6 9. Qe2 O-O 10. O-O-O Qc8 11. Kb1 Rd8 12. g4 d5 13. g5 Nxe4 14. Nxe4 dxe4 15. fxe4 a5 16. Bg2 a4 17. Rxd8+ Nxd8 18. Nc1 Nc6 19. Nd3 Bc4 20. Qd2 Qe6 21. Nc1 Rc8 22. h4 Nb4 23. b3 Rd8 24. Qc3 axb3 25. axb3 Bb5 26. Bh3 Qa6 27. Qxe5 Qc6 28. c4 Bd6 29. Rd1 Re8 30. Qxd6 Qxe4+ 31. Nd3 Qxe3 32. cxb5 Na2 33. Kxa2 Ra8+ 34. Kb1 Qxh3 35. Nc1 g6 36. Qf6 Qxh4 37. Rd8+ Rxd8 38. Qxd8+ Kg7 39. Nd3 Qe4 40. b6 Qe2 41. Qd4+ Kg8 42. Nc5 Qf1+ 43. Kc2 Qg2+ 44. Qd2 Qc6 45. Qd8+ Kg7 46. Qc7 Qg2+ 47. Kc3 Qf3+ 48. Kb4 Qg4+ 49. Ka3 Qf5 50. Nxb7 Qxg5 51. Nc5 Qc1+ 52. Ka4 Qa1+ 53. Kb5 Qf1+ 54. Kc6 Qf3+ 55. Kd7 Qg4+ 56. Kd8 Qg5+ 57. Kc8 Qf5+ 58. Nd7 1-0

[Event "Marshall CC FIDE Premier August 2024"]
[Site "New York"]
[Date "2024.08.03"]
[Round "1.4"]
[White "Ayyappan, Santhosh"]
[Black "Brain, Logan"]
[Result "1-0"]
[ECO "A48"]
[WhiteElo "1970"]
[BlackElo "2132"]
[Annotator "RC"]
[PlyCount "91"]
[EventDate "2024.08.02"]
[EventType "swiss"]
[EventCountry "USA"]
[SourceTitle "playchess.com"]
[Source "ChessBase"]
[SourceQuality "1"]
[TimeControl "5400+30"]

1. d4 Nf6 2. Bf4 g6 3. Nf3 Bg7 4. e3 d6 5. c3 O-O 6. Bd3 Nfd7 7. O-O e5 8. Bg5 Qe8 9. e4 Nc6 10. Na3 a6 11. Nc2 Kh8 12. Qd2 f6 13. Bh6 Bxh6 14. Qxh6 Qf7 15. Ne3 Ne7 16. Bc4 Qg7 17. Qxg7+ Kxg7 18. Nd2 Nb6 19. f4 exd4 20. cxd4 Nxc4 21. Ndxc4 d5 22. Nxd5 Nxd5 23. exd5 Bf5 24. Ne3 Be4 25. Rac1 Rf7 26. Rc5 Rd8 27. Rfc1 Rdd7 28. Ra5 Rfe7 29. Kf2 Kf7 30. b4 Bd3 31. g3 Ke8 32. Rac5 Kd8 33. Re1 Rd6 34. a4 Re4 35. Rd1 Rxd4 36. a5 b6 37. axb6 cxb6 38. Rc3 Rxb4 39. Rdxd3 b5 40. Rc6 Kd7 41. Rdc3 Rb2+ 42. Kf3 a5 43. Rc7+ Kd8 44. Rxh7 Rd7 45. Rh8+ Ke7 46. Rc6 1-0

[Event "Marshall CC FIDE Premier August 2024"]
[Site "New York"]
[Date "2024.08.03"]
[Round "1.5"]
[White "Hebbar, Eshaan"]
[Black "Yang, Daniel"]
[Result "1/2-1/2"]
[ECO "E94"]
[WhiteElo "2191"]
[BlackElo "1926"]
[Annotator "RC"]
[PlyCount "121"]
[EventDate "2024.08.02"]
[EventType "swiss"]
[EventCountry "USA"]
[SourceTitle "playchess.com"]
[Source "ChessBase"]
[SourceQuality "1"]
[TimeControl "5400+30"]

1. d4 Nf6 2. c4 g6 3. Nc3 Bg7 4. e4 d6 5. Nf3 O-O 6. Be2 e5 7. O-O Nbd7 8. Qc2 Qe7 9. Be3 c6 10. Rad1 Ng4 11. Bg5 f6 12. Bc1 h5 13. h3 Nh6 14. b3 exd4 15. Nxd4 Nc5 16. b4 Ne6 17. Nf3 f5 18. exf5 Nxf5 19. Qd3 a5 20. a3 axb4 21. axb4 Ned4 22. Rfe1 Nxf3+ 23. Bxf3 Qh4 24. Ne4 Nd4 25. Bg5 Rxf3 26. Bxh4 Rxd3 27. Rxd3 Nc2 28. Rb1 Bf5 29. f3 Bd4+ 30. Bf2 d5 31. cxd5 cxd5 32. Bxd4 dxe4 33. Rdd1 e3 34. Bc3 Rc8 35. Be5 e2 36. Rdc1 e1=Q+ 37. Rxe1 Nxe1 38. Rxe1 Kf7 39. Bd6 Re8 40. Rc1 Rc8 41. Ra1 Rc6 42. Bc5 Ra6 43. Rd1 Rc6 44. Rd8 Rc8 45. Rd2 Be6 46. Kf2 Rc6 47. Ke3 b6 48. Bd4 Rc4 49. Rb2 b5 50. Bc5 Bd5 51. Rd2 Ke6 52. Re2 Kf7 53. Kd2 Be6 54. Re3 g5 55. Rd3 g4 56. fxg4 hxg4 57. h4 Bf5 58. Rc3 Rxc3 59. Kxc3 Kg6 60. g3 Be6 61. Kd4 1/2-1/2

[Event "Marshall CC FIDE Premier August 2024"]
[Site "New York"]
[Date "2024.08.03"]
[Round "2.1"]
[White "Ling, Chenxuan"]
[Black "Bortnyk, Mykola"]
[Result "0-1"]
[ECO "E32"]
[WhiteElo "1941"]
[BlackElo "2432"]
[Annotator "RC"]
[PlyCount "102"]
[EventDate "2024.08.02"]
[EventType "swiss"]
[EventCountry "USA"]
[SourceTitle "playchess.com"]
[Source "ChessBase"]
[SourceQuality "1"]
[TimeControl "5400+30"]

1. d4 Nf6 2. c4 e6 3. Nc3 Bb4 4. Qc2 O-O 5. e4 d5 6. e5 Ne4 7. Bd3 c5 8. Nge2 cxd4 9. Nxd4 Nd7 10. Bf4 Qb6 11. Nb3 Qc7 12. O-O Bxc3 13. bxc3 f6 14. cxd5 exd5 15. Bxe4 dxe4 16. Qxe4 Nxe5 17. Bxe5 fxe5 18. Rae1 Qf7 19. Re3 Be6 20. Qxe5 Bxb3 21. axb3 Qxb3 22. Rfe1 a5 23. Qe6+ Qxe6 24. Rxe6 a4 25. Kf1 a3 26. Ra1 Rfc8 27. Re3 Kf7 28. Ke2 b5 29. Ra2 Kf6 30. Kd2 g5 31. Re4 Rc4 32. Re3 h6 33. Kc2 b4 34. Kb3 Rxc3+ 35. Rxc3 bxc3 36. Kxc3 Kf5 37. Kd4 Kf4 38. Kd3 Ra4 39. f3 Ra8 40. Ke2 Ra7 41. g3+ Ke5 42. Ke3 h5 43. h4 gxh4 44. gxh4 Kf5 45. Ke2 Kf4 46. Kf2 Ra8 47. Kg2 Ke3 48. Kg3 Kd3 49. f4 Ke4 50. Re2+ Kf5 51. Ra2 Ra4 0-1

[Event "Marshall CC FIDE Premier August 2024"]
[Site "New York"]
[Date "2024.08.03"]
[Round "2.2"]
[White "Nakada, Akira"]
[Black "Venkatesh, Narayan"]
[Result "1-0"]
[ECO "A28"]
[WhiteElo "2417"]
[BlackElo "2116"]
[Annotator "RC"]
[PlyCount "93"]
[EventDate "2024.08.02"]
[EventType "swiss"]
[EventCountry "USA"]
[SourceTitle "playchess.com"]
[Source "ChessBase"]
[SourceQuality "1"]
[TimeControl "5400+30"]

1. c4 e5 2. Nc3 Nf6 3. Nf3 Nc6 4. e4 Bb4 5. d3 d6 6. a3 Bc5 7. b4 Bb6 8. Na4 Bd4 9. Rb1 Bg4 10. Bd2 a6 11. Be2 Bxf3 12. Bxf3 Ba7 13. Nc3 Nd4 14. O-O b5 15. Be3 c6 16. a4 O-O 17. Kh1 Qd7 18. h3 h6 19. Be2 Rfe8 20. cxb5 cxb5 21. axb5 axb5 22. Bg4 Qb7 23. f4 Ne6 24. Bxa7 Rxa7 25. fxe5 Nxg4 26. Qxg4 dxe5 27. Nd5 Rc8 28. Rf5 Qb8 29. Rbf1 Rc6 30. Rf6 Nd4 31. Rxc6 Nxc6 32. Rc1 Qb7 33. Qf5 Kh8 34. h4 Ra8 35. h5 Rc8 36. Rc5 Kg8 37. Rxb5 Qa8 38. Rc5 Re8 39. Qd7 Nd4 40. Rc7 Rf8 41. Ne7+ Kh7 42. Ng6 Qa1+ 43. Kh2 Rg8 44. Qxf7 Qe1 45. Qf6 Qe3 46. Nxe5 Qg5 47. Qg6+ 1-0

[Event "Marshall CC FIDE Premier August 2024"]
[Site "New York"]
[Date "2024.08.03"]
[Round "2.3"]
[White "Morris-Suzuki, Alan H"]
[Black "Lin, Bryan Enming"]
[Result "0-1"]
[ECO "E90"]
[WhiteElo "1838"]
[BlackElo "2155"]
[Annotator "RC"]
[PlyCount "51"]
[EventDate "2024.08.02"]
[EventType "swiss"]
[EventCountry "USA"]
[SourceTitle "playchess.com"]
[Source "ChessBase"]
[SourceQuality "1"]
[TimeControl "5400+30"]

1. Nf3 Nf6 2. c4 g6 3. Nc3 Bg7 4. e4 d6 5. d4 O-O 6. h3 c5 7. d5 e6 8. Be2 exd5 9. exd5 Bf5 10. g4 Be4 11. O-O Bxf3 12. Bxf3 Nbd7 13. a4 Re8 14. g5 Nh5 15. Ra3 Bxc3 16. Rxc3 Ng7 17. Bg4 Ne5 18. b3 f6 19. f4 Nxg4 20. hxg4 f5 21. Rh3 Qd7 22. Rh2 fxg4 23. f5 g3 24. Rh3 Nxf5 25. Qg4 Qg7 26. Qd1 0-1

[Event "Marshall CC FIDE Premier August 2024"]
[Site "New York"]
[Date "2024.08.03"]
[Round "2.4"]
[White "Safranek, William"]
[Black "Knowles, Chase"]
[Result "1-0"]
[ECO "C02"]
[WhiteElo "2111"]
[BlackElo "1993"]
[Annotator "RC"]
[PlyCount "81"]
[EventDate "2024.08.02"]
[EventType "swiss"]
[EventCountry "USA"]
[SourceTitle "playchess.com"]
[Source "ChessBase"]
[SourceQuality "1"]
[TimeControl "5400+30"]

1. e4 e6 2. d4 d5 3. e5 c5 4. c3 Nc6 5. Nf3 Bd7 6. Be2 f6 7. O-O fxe5 8. dxe5 g6 9. Bf4 Bg7 10. c4 d4 11. Nbd2 Qc7 12. Re1 O-O-O 13. Bd3 Rf8 14. Bg3 Nh6 15. h3 Nf7 16. Qe2 Nb4 17. Be4 Bc6 18. a3 d3 19. Bxd3 Nxd3 20. Qxd3 g5 21. b4 g4 22. hxg4 Nh6 23. b5 Be8 24. a4 Bg6 25. Qa3 Nxg4 26. a5 Rd8 27. Nb3 Rd3 28. b6 axb6 29. axb6 Qc6 30. Qa8+ Kd7 31. Nxc5+ Ke7 32. Bh4+ Kf7 33. Ng5+ Ke7 34. Ngxe6+ Kf7 35. Ng5+ Ke7 36. Nf3+ Kf7 37. e6+ Qxe6 38. Ng5+ Kf6 39. Rxe6+ Kf5 40. Qxb7 Rd4 41. Qf3+ 1-0

[Event "Marshall CC FIDE Premier August 2024"]
[Site "New York"]
[Date "2024.08.03"]
[Round "2.5"]
[White "Chin, Spencer"]
[Black "Zhang, Alex"]
[Result "1/2-1/2"]
[ECO "E25"]
[WhiteElo "2129"]
[BlackElo "2032"]
[Annotator "RC"]
[PlyCount "111"]
[EventDate "2024.08.02"]
[EventType "swiss"]
[EventCountry "USA"]
[SourceTitle "playchess.com"]
[Source "ChessBase"]
[SourceQuality "1"]
[TimeControl "5400+30"]

1. d4 Nf6 2. c4 e6 3. Nc3 Bb4 4. f3 d5 5. a3 Bxc3+ 6. bxc3 c5 7. cxd5 Nxd5 8. Qd2 O-O 9. e3 Nc6 10. Ne2 Na5 11. Rb1 Bd7 12. e4 Ne7 13. Nf4 cxd4 14. cxd4 Rc8 15. Be2 Ba4 16. O-O Nb3 17. Qb4 Qxd4+ 18. Qxd4 Nxd4 19. Rxb7 Ng6 20. Nxg6 Nxe2+ 21. Kf2 hxg6 22. Kxe2 Rc2+ 23. Ke3 Rd8 24. Rb4 Bc6 25. Rg1 e5 26. Bb2 f6 27. Rc1 Rdd2 28. Rxc2 Rxc2 29. g4 Rxh2 30. Bc3 a6 31. Rb2 Rh3 32. Rb6 Bd7 33. g5 Bg4 34. gxf6 Rxf3+ 35. Kd2 gxf6 36. Bxe5 Rxa3 37. Rxf6 Bh5 38. Bc3 Ra2+ 39. Ke3 Kh7 40. e5 a5 41. e6 a4 42. Rf7+ Kh6 43. Kd3 g5 44. Ra7 Re2 45. Rxa4 Rxe6 46. Ra5 Be2+ 47. Kd2 Bf3 48. Re5 Rg6 49. Ke1 g4 50. Bd2+ Kh7 51. Rh5+ Kg7 52. Rg5 g3 53. Rxg6+ Kxg6 54. Kf1 Kf5 55. Kg1 Kg4 56. Be1 1/2-1/2

[Event "Marshall CC FIDE Premier August 2024"]
[Site "New York"]
[Date "2024.08.04"]
[Round "3.1"]
[White "Bortnyk, Mykola"]
[Black "Safranek, William"]
[Result "1-0"]
[ECO "A80"]
[WhiteElo "2432"]
[BlackElo "2111"]
[Annotator "RC"]
[PlyCount "47"]
[EventDate "2024.08.02"]
[EventType "swiss"]
[EventCountry "USA"]
[SourceTitle "playchess.com"]
[Source "ChessBase"]
[SourceQuality "1"]
[TimeControl "5400+30"]

1. d4 f5 2. Nc3 Nf6 3. Bf4 e6 4. e3 Bb4 5. Nge2 d5 6. h4 b6 7. h5 h6 8. a3 Bd6 9. Bxd6 Qxd6 10. Nf4 O-O 11. Nb5 Qd8 12. c4 Re8 13. Rc1 c6 14. Nc3 Qd6 15. Bd3 e5 16. dxe5 Qxe5 17. Ng6 Qd6 18. cxd5 Nxd5 19. Nxd5 cxd5 20. Qc2 Ba6 21. Qa4 b5 22. Bxb5 Bxb5 23. Qxb5 Nd7 24. Rc6 1-0

[Event "Marshall CC FIDE Premier August 2024"]
[Site "New York"]
[Date "2024.08.04"]
[Round "3.2"]
[White "Nasta, Kiren Vivek"]
[Black "Nakada, Akira"]
[Result "0-1"]
[ECO "C07"]
[WhiteElo "2148"]
[BlackElo "2417"]
[Annotator "RC"]
[PlyCount "88"]
[EventDate "2024.08.02"]
[EventType "swiss"]
[EventCountry "USA"]
[SourceTitle "playchess.com"]
[Source "ChessBase"]
[SourceQuality "1"]
[TimeControl "5400+30"]

1. e4 e6 2. d4 d5 3. Nd2 c5 4. Ngf3 cxd4 5. Nxd4 Nc6 6. Bb5 Bd7 7. Nxc6 bxc6 8. Bd3 Bd6 9. Qe2 Ne7 10. e5 Bc7 11. Nf3 Ng6 12. O-O O-O 13. b3 c5 14. c4 Bc6 15. Ng5 Qe8 16. f4 f5 17. cxd5 Bxd5 18. Be3 h6 19. Nh3 Nh4 20. Rf2 Bb6 21. Rc1 Rd8 22. Bxc5 Rc8 23. b4 Bxc5 24. bxc5 Qa4 25. Qc2 Qc6 26. Bf1 Rfd8 27. Qc3 Kh7 28. Qa5 Qa8 29. Qa6 Ng6 30. Rc3 Ne7 31. Qe2 Bc6 32. Qh5 Be8 33. Qh4 Ng6 34. Qg3 Rd1 35. Qe3 Qd5 36. Qe2 Rb8 37. Rd3 Rxd3 38. Qxd3 Qxc5 39. Qd6 Qxd6 40. exd6 Rb1 41. g3 Bb5 42. Kg2 Bc6+ 43. Kg1 Nf8 44. Rd2 Bb5 0-1

[Event "Marshall CC FIDE Premier August 2024"]
[Site "New York"]
[Date "2024.08.04"]
[Round "3.3"]
[White "Lin, Bryan Enming"]
[Black "Ayyappan, Santhosh"]
[Result "1-0"]
[ECO "B00"]
[WhiteElo "2155"]
[BlackElo "1970"]
[Annotator "RC"]
[PlyCount "77"]
[EventDate "2024.08.02"]
[EventType "swiss"]
[EventCountry "USA"]
[SourceTitle "playchess.com"]
[Source "ChessBase"]
[SourceQuality "1"]
[TimeControl "5400+30"]

1. e4 Nc6 2. Nc3 Nf6 3. d4 e5 4. dxe5 Nxe5 5. f4 Nc6 6. e5 Ng8 7. Nf3 d6 8. Bb5 Bg4 9. h3 Bxf3 10. Qxf3 Qd7 11. Be3 a6 12. Ba4 O-O-O 13. O-O-O Kb8 14. Rhe1 Nge7 15. exd6 cxd6 16. Bb6 Re8 17. Ne4 d5 18. Nc5 Qc8 19. f5 Ka8 20. Kb1 Ng8 21. Rxe8 Qxe8 22. Qxd5 Nf6 23. Qf3 Bxc5 24. Bxc5 Ne4 25. Be3 Qe5 26. Bxc6 bxc6 27. Rd7 Re8 28. Kc1 Qa5 29. c3 f6 30. a3 g6 31. Ra7+ Kb8 32. Qf4+ Qe5 33. Qxe5+ Rxe5 34. Rxh7 Rxf5 35. Re7 Ng3 36. Kc2 Rf1 37. Bc5 Nf5 38. Rh7 Kc8 39. a4 1-0

[Event "Marshall CC FIDE Premier August 2024"]
[Site "New York"]
[Date "2024.08.04"]
[Round "3.4"]
[White "Hebbar, Eshaan"]
[Black "Chin, Spencer"]
[Result "1-0"]
[ECO "D32"]
[WhiteElo "2191"]
[BlackElo "2129"]
[Annotator "RC"]
[PlyCount "109"]
[EventDate "2024.08.02"]
[EventType "swiss"]
[EventCountry "USA"]
[SourceTitle "playchess.com"]
[Source "ChessBase"]
[SourceQuality "1"]
[TimeControl "5400+30"]

1. d4 d5 2. c4 e6 3. Nc3 c5 4. cxd5 cxd4 5. Qa4+ Bd7 6. Qxd4 exd5 7. Qxd5 Nf6 8. Qd1 Bc5 9. Nf3 O-O 10. e3 Qe7 11. Be2 Nc6 12. O-O Ne5 13. Nxe5 Qxe5 14. Bf3 Rfd8 15. Qe2 Rac8 16. Rd1 Bf5 17. Rxd8+ Rxd8 18. Bd2 Bd3 19. Qe1 h5 20. Ne2 h4 21. Bc3 Qf5 22. Nf4 Bb5 23. Rd1 Rxd1 24. Qxd1 Bb6 25. h3 Bc7 26. Bxf6 Qxf6 27. Nd5 Qe5 28. Nxc7 Qxc7 29. Qd4 Bc6 30. Bxc6 Qxc6 31. Qd8+ Kh7 32. Qxh4+ Kg8 33. Qd8+ Kh7 34. Qd4 a6 35. a4 g6 36. h4 Qc1+ 37. Kh2 Qc2 38. f3 Qf2 39. a5 Qe1 40. b4 Kg8 41. Qd8+ Kg7 42. Qe7 Kg8 43. e4 Kg7 44. e5 Kg8 45. Kh3 Qh1+ 46. Kg3 Qe1+ 47. Kg4 Qf2 48. Kh3 Qf1 49. e6 Qh1+ 50. Kg3 Qe1+ 51. Kg4 fxe6 52. Kg5 Qg3+ 53. Kh6 Qf4+ 54. Kxg6 Qg3+ 55. Kh6 1-0

[Event "Marshall CC FIDE Premier August 2024"]
[Site "New York"]
[Date "2024.08.04"]
[Round "3.5"]
[White "Zhang, Alex"]
[Black "Ray, Sarathi"]
[Result "1-0"]
[ECO "D13"]
[WhiteElo "2032"]
[BlackElo "1955"]
[Annotator "RC"]
[PlyCount "123"]
[EventDate "2024.08.02"]
[EventType "swiss"]
[EventCountry "USA"]
[SourceTitle "playchess.com"]
[Source "ChessBase"]
[SourceQuality "1"]
[TimeControl "5400+30"]

1. d4 d5 2. c4 c6 3. cxd5 cxd5 4. Bf4 Nc6 5. e3 Nf6 6. Nc3 a6 7. Be2 Bf5 8. Nf3 e6 9. Qb3 Bd6 10. Bxd6 Qxd6 11. Qxb7 O-O 12. Qb3 Rfb8 13. Qa3 Qxa3 14. bxa3 Rb2 15. Na4 Rbb8 16. O-O h6 17. Rfc1 Ne7 18. Ne5 Ra7 19. g4 Be4 20. f3 Bh7 21. Kf2 a5 22. Rc5 Ne8 23. Rac1 f6 24. Nc6 Nxc6 25. Rxc6 Kf7 26. Ba6 Ke7 27. R1c5 Rb1 28. Bc8 Bg8 29. Ba6 Rh1 30. Bf1 Rxh2+ 31. Bg2 g5 32. Kg3 Rh4 33. Nb6 Kf8 34. Rc8 h5 35. gxh5 Rxh5 36. Ra8 Rb7 37. Nc8 Kg7 38. Rcxa5 Rb2 39. R5a7+ Bf7 40. Rd7 Kg6 41. Ne7+ Kg7 42. Nxd5 exd5 43. Rxe8 Kg6 44. Ree7 Rh7 45. a4 Rxa2 46. Ra7 f5 47. Bh3 f4+ 48. exf4 gxf4+ 49. Kxf4 Rxh3 50. Rxf7 Rxa4 51. Rg7+ Kf6 52. Rxa4 Kxg7 53. Kg4 Rh6 54. f4 Kf7 55. Ra7+ Ke8 56. Kf5 Rh5+ 57. Ke6 Kf8 58. f5 Rh1 59. Ra8+ Kg7 60. f6+ Kg6 61. Rg8+ Kh7 62. f7 1-0

[Event "Marshall CC FIDE Premier August 2024"]
[Site "New York"]
[Date "2024.08.04"]
[Round "4.1"]
[White "Nakada, Akira"]
[Black "Lin, Bryan Enming"]
[Result "1/2-1/2"]
[ECO "E90"]
[WhiteElo "2417"]
[BlackElo "2155"]
[Annotator "RC"]
[PlyCount "51"]
[EventDate "2024.08.02"]
[EventType "swiss"]
[EventCountry "USA"]
[SourceTitle "playchess.com"]
[Source "ChessBase"]
[SourceQuality "1"]
[TimeControl "5400+30"]

1. c4 Nf6 2. Nc3 g6 3. e4 d6 4. d4 Bg7 5. h3 O-O 6. Be3 c5 7. Nf3 Qa5 8. Bd3 Nfd7 9. Be2 e5 10. d5 f5 11. exf5 gxf5 12. Ng5 Nf6 13. O-O Qd8 14. f4 e4 15. g4 h6 16. Ne6 Bxe6 17. dxe6 Nc6 18. gxf5 Ne7 19. Bf2 Nxf5 20. Nxe4 Kh8 21. Nc3 Qe8 22. Re1 Qxe6 23. Bg4 Qd7 24. Nd5 Qf7 25. Qd3 Nxd5 26. Qxd5 1/2-1/2

[Event "Marshall CC FIDE Premier August 2024"]
[Site "New York"]
[Date "2024.08.04"]
[Round "4.2"]
[White "Zhang, Alex"]
[Black "Hebbar, Eshaan"]
[Result "0-1"]
[ECO "D31"]
[WhiteElo "2032"]
[BlackElo "2191"]
[Annotator "RC"]
[PlyCount "94"]
[EventDate "2024.08.02"]
[EventType "swiss"]
[EventCountry "USA"]
[SourceTitle "playchess.com"]
[Source "ChessBase"]
[SourceQuality "1"]
[TimeControl "5400+30"]

1. d4 d5 2. c4 e6 3. Nc3 Be7 4. cxd5 exd5 5. Bf4 c6 6. e3 Bf5 7. g4 Be6 8. h4 Nd7 9. h5 Nh6 10. Be2 f5 11. Bxh6 gxh6 12. gxf5 Bxf5 13. Bd3 Bxd3 14. Qxd3 Qb6 15. O-O-O O-O-O 16. f4 Rdg8 17. Qc2 Kb8 18. Nf3 Rg3 19. Qf2 Rhg8 20. Rdg1 Rxg1+ 21. Rxg1 Qd8 22. Ne5 Nf6 23. f5 Ka8 24. Rg3 Rxg3 25. Qxg3 Nxh5 26. Qh2 Ng7 27. Nf7 Qe8 28. Nxh6 Bg5 29. Nd1 Bxh6 30. Qxh6 Nxf5 31. Qg5 Nd6 32. Qf6 Nc4 33. Qh6 Qe7 34. b3 Qa3+ 35. Kb1 Nd2+ 36. Kc2 Ne4 37. Qxh7 Qxa2+ 38. Nb2 a6 39. Qg8+ Ka7 40. Qg2 Qa5 41. Na4 Qe1 42. Qf3 Qd2+ 43. Kb1 Qd3+ 44. Kb2 Nd2 45. Qd1 Nc4+ 46. Kc1 Qxe3+ 47. Kc2 Na3+ 0-1

[Event "Marshall CC FIDE Premier August 2024"]
[Site "New York"]
[Date "2024.08.04"]
[Round "4.3"]
[White "Shankar, Pranav"]
[Black "Muthukumar, Haari"]
[Result "0-1"]
[ECO "C07"]
[WhiteElo "1874"]
[BlackElo "2125"]
[Annotator "RC"]
[PlyCount "82"]
[EventDate "2024.08.02"]
[EventType "swiss"]
[EventCountry "USA"]
[SourceTitle "playchess.com"]
[Source "ChessBase"]
[SourceQuality "1"]
[TimeControl "5400+30"]

1. e4 e6 2. d4 d5 3. Nd2 c5 4. exd5 Qxd5 5. Ngf3 cxd4 6. Bc4 Qd6 7. O-O Nf6 8. Nb3 Nc6 9. Nbxd4 Nxd4 10. Nxd4 Be7 11. Nb5 Qc6 12. Qe2 a6 13. Be3 Bd7 14. Nd4 Qc7 15. a4 e5 16. Rfe1 exd4 17. Bxd4 O-O-O 18. Bxa6 Rhe8 19. Be5 Bd6 20. Bxd6 Rxe2 21. Bxc7 Rxe1+ 22. Rxe1 Kxc7 23. Bc4 Bxa4 24. b3 Be8 25. Kf1 b5 26. Bd3 Bc6 27. Re5 Rd5 28. Rxd5 Nxd5 29. Bxh7 g6 30. Bg8 Be8 31. c4 bxc4 32. bxc4 Nf6 33. Bxf7 Bxf7 34. h4 Bxc4+ 35. Ke1 Kd6 36. Kd2 Ke5 37. Ke3 Bd5 38. f3 Be6 39. g4 Nxg4+ 40. fxg4 Bxg4 41. Kf2 Kf4 0-1

[Event "Marshall CC FIDE Premier August 2024"]
[Site "New York"]
[Date "2024.08.04"]
[Round "4.4"]
[White "Safranek, William"]
[Black "Rand, Steven J"]
[Result "1-0"]
[ECO "B13"]
[WhiteElo "2111"]
[BlackElo "1969"]
[Annotator "RC"]
[PlyCount "57"]
[EventDate "2024.08.02"]
[EventType "swiss"]
[EventCountry "USA"]
[SourceTitle "playchess.com"]
[Source "ChessBase"]
[SourceQuality "1"]
[TimeControl "5400+30"]

1. e4 c6 2. d4 d5 3. exd5 cxd5 4. Bd3 Nc6 5. c3 Nf6 6. Bf4 Bg4 7. Qb3 Qd7 8. Nd2 e6 9. Ngf3 Bd6 10. Bxd6 Qxd6 11. O-O O-O 12. Rae1 Qc7 13. Qc2 Rac8 14. Qb1 Ne7 15. Ne5 Bf5 16. Re3 b5 17. Bxf5 Nxf5 18. Rh3 b4 19. Qd3 bxc3 20. bxc3 Nd7 21. Nxd7 Qxd7 22. Nb3 g6 23. Nc5 Qc6 24. g4 Ng7 25. Qe3 f5 26. Qh6 fxg4 27. Qxh7+ Kf7 28. Rh6 e5 29. Nd3 1-0

[Event "Marshall CC FIDE Premier August 2024"]
[Site "New York"]
[Date "2024.08.04"]
[Round "4.5"]
[White "Zhu, Linxi"]
[Black "Knowles, Chase"]
[Result "1-0"]
[ECO "C13"]
[WhiteElo "2129"]
[BlackElo "1993"]
[Annotator "RC"]
[PlyCount "75"]
[EventDate "2024.08.02"]
[EventType "swiss"]
[EventCountry "USA"]
[SourceTitle "playchess.com"]
[Source "ChessBase"]
[SourceQuality "1"]
[TimeControl "5400+30"]

1. e4 e6 2. d4 d5 3. Nc3 Nf6 4. Bg5 dxe4 5. Nxe4 Be7 6. Bxf6 gxf6 7. Nf3 a6 8. Bd3 f5 9. Nc3 c5 10. dxc5 Qa5 11. Qe2 Qxc5 12. O-O Nd7 13. Rfe1 Bf6 14. Rad1 b5 15. Qd2 O-O 16. Ne4 Qe7 17. Ng3 Bxb2 18. Nxf5 Qf6 19. Nh6+ Kh8 20. Qg5 Nc5 21. Qxc5 Qxh6 22. Be4 Rb8 23. Qc7 Bb7 24. Bxb7 Rg8 25. Ne5 Bxe5 26. Qxe5+ f6 27. Qc7 Rbe8 28. Rd7 f5 29. Qe5+ Rg7 30. Rxg7 Qxg7 31. Qxg7+ Kxg7 32. Bxa6 Kf6 33. Bxb5 Rc8 34. c4 Rd8 35. c5 Rd5 36. Rxe6+ Kf7 37. Bc4 Rd1+ 38. Re1+ 1-0

[Event "Marshall CC FIDE Premier August 2024"]
[Site "New York"]
[Date "2024.08.05"]
[Round "5.1"]
[White "Lin, Bryan Enming"]
[Black "Bortnyk, Mykola"]
[Result "1/2-1/2"]
[ECO "B03"]
[WhiteElo "2155"]
[BlackElo "2432"]
[Annotator "RC"]
[PlyCount "145"]
[EventDate "2024.08.02"]
[EventType "swiss"]
[EventCountry "USA"]
[SourceTitle "playchess.com"]
[Source "ChessBase"]
[SourceQuality "1"]
[TimeControl "5400+30"]

1. e4 Nf6 2. e5 Nd5 3. d4 d6 4. c4 Nb6 5. exd6 exd6 6. Nc3 Bf5 7. Bd3 Bg6 8. Nge2 Be7 9. O-O Nc6 10. Be3 O-O 11. b3 Re8 12. Bxg6 hxg6 13. Qd2 Bf6 14. d5 Ne7 15. Ng3 Nf5 16. Nxf5 gxf5 17. Bd4 Nd7 18. Rfe1 Be5 19. Bxe5 dxe5 20. f3 Qf6 21. Rad1 Rad8 22. Kh1 a6 23. b4 Qh4 24. Qd3 e4 25. fxe4 Ne5 26. Qg3 Qxg3 27. hxg3 Nxc4 28. exf5 Ne3 29. Rc1 Nxf5 30. Rxe8+ Rxe8 31. Na4 Re7 32. Nc5 Nd6 33. Kg1 Re2 34. a4 Rd2 35. Nd7 Rxd5 36. Rxc7 Rd4 37. Nc5 Rxb4 38. Rd7 Rc4 39. Nxb7 Nxb7 40. Rxb7 Rxa4 41. Ra7 f6 42. Kh2 Kh7 43. g4 Ra3 44. g3 Kh6 45. Kh3 Kg6 46. Kh2 Ra4 47. Kg2 Kh6 48. Kh2 g6 49. Kg2 Kg5 50. Kh3 f5 51. gxf5 Kxf5 52. Ra8 g5 53. Rg8 a5 54. Ra8 Ke6 55. g4 Ra1 56. Rg8 Kf6 57. Rf8+ Kg7 58. Ra8 a4 59. Ra6 a3 60. Kg2 Kf7 61. Ra5 Ra2+ 62. Kg3 Kf6 63. Rf5+ Kg6 64. Ra5 Ra1 65. Kg2 Kh6 66. Ra6+ Kg7 67. Ra5 Kf6 68. Rf5+ Ke6 69. Rxg5 Rc1 70. Ra5 Rc3 71. g5 Rb3 72. Kh2 Kf7 73. Ra6 1/2-1/2